 Dungeon Crawl Stone Soup version 0.31.0-11-ge490571c62 (webtiles) character file.

Game seed: 16290129437483923425

687 stipulation the Grave Robber (level 7, 0/32 HPs)
             Began as a Vine Stalker Necromancer on Jan 28, 2024.
             Succumbed to an orc wizard's poison
             ... on level 6 of the Dungeon.
             The game lasted 00:06:42 (5677 turns).

stipulation the Grave Robber (VSNe)                 Turns: 5677, Time: 00:06:43

Health: 0/32       AC:  2    Str: 16    XL:     7   Next: 62%
Magic:  12/17      EV: 17    Int: 19    God:
Gold:   293        SH:  0    Dex: 14    Spells: 4/18 levels left

rFire   . . .        j - +0 short sword
rCold   + . .        (no shield)
rNeg    . . .        a - +0 robe
rPois   .            (no helmet)
rElec   .            (no cloak)
rCorr   .            (no gloves)
SInv    .            (no boots)
Will    .....        (no amulet)
Stlth   ++           p - ring of the Immovable Thickets {rC+ Str+5 Int+2}
HPRegen 1.05/turn    v - +5 ring of evasion
MPRegen 0.15/turn

%: guardian spirit
@: lethally poisoned (0 -> -25)
A: fangs 2, regeneration 1, magic shield, antimagic bite, no potion heal 2
a: no special abilities


You were on level 6 of the Dungeon.
You visited 1 branch of the dungeon, and saw 6 of its levels.

You collected 293 gold pieces.

Inventory:

Hand Weapons
 j - a +0 short sword (weapon)
 y - a +4 sling
Armour
 a - a +0 robe (worn)
 x - a +2 ring mail of poison resistance
Jewellery
 p - the ring of the Immovable Thickets (left hand) {rC+ Str+5 Int+2}
   (You found it on level 3 of the Dungeon)

   [ring of protection from cold]

   Str+5:     It affects your strength (+5).
   Int+2:     It affects your intelligence (+2).
   rC+:       It protects you from cold.
 v - a +5 ring of evasion (right hand)
Scrolls
 e - 2 scrolls of fog
 f - a scroll of amnesia
 g - a scroll of torment {unknown}
 k - a scroll of poison {unknown}
 l - a scroll of noise {unknown}
 m - a scroll of teleportation
 q - a scroll of summoning {unknown}
 s - a scroll of identify {unknown}
 w - a scroll of fear
Potions
 b - a potion of magic
 c - a potion of invisibility {unknown}
 d - 3 potions of heal wounds {unknown}
 h - a potion of curing {unknown}
 i - a potion of cancellation {unknown}
 n - a potion of brilliance {unknown}
 o - a potion of degeneration {unknown}
 r - a potion of mutation {unknown}
 t - a potion of lignification {unknown}
 u - a potion of might {unknown}
 z - a potion of berserk rage {unknown}


   Skills:
 - Level 1.5 Dodging
 - Level 2.4 Stealth
 + Level 6.1 Spellcasting
 + Level 7.0 Necromancy


You had 4 spell levels left.
You knew the following spells:

 Your Spells              Type           Power      Damage    Failure   Level
a - Necrotise             Necr           100%       1d9       1%          1
b - Vampiric Draining     Necr           32%        2d8       1%          3
c - Animate Dead          Necr           32%        N/A       6%          4
d - Dispel Undead         Necr           32%        3d14      6%          4
e - Cigotuvi's Dreadful   Necr/Alch/Air  28%        N/A       6%          2

Your spell library contained the following spells:

 Spells                   Type           Power      Damage    Failure   Level
 Apportation              Tloc           10%        N/A       11%         1
 Sting                    Conj/Alch      20%        1d4       11%         1
 Summon Small Mammal      Summ           20%        N/A       11%         1
 Mercury Vapours          Alch/Air       10%        N/A       17%         2
 Anguish                  Hex/Necr       9%         N/A       26%         4
 Martyr's Knell           Necr/Summ      19%        N/A       26%         4
 Cause Fear               Hex            2%         N/A       73%         4
 Olgreb's Toxic Radiance  Alch           5%         N/A       73%         4
 Curse of Agony           Necr           32%        N/A       17%         5
 Death Channel            Necr           16%        N/A       67%         6
 Enfeeble                 Hex            2%         N/A       100%        7


Dungeon Overview and Level Annotations

Branches:
Dungeon (6/15)
 Temple: D:4-7

Altars:

Annotations:
D:1 1 runed translucent door
D:4 1 exclusion, Eustachio, Grinder


Innate Abilities, Weirdness & Mutations

You have extremely sharp teeth.
Your natural rate of healing is unusually fast.
When hurt, damage is shared between your health and your magic reserves.
Your bite disrupts and absorbs the magic of your enemies.
Potions cannot restore your health.


Message History

Deactivating autopickup; reactivate with Ctrl-A.
You hear a shout!
You can't see any susceptible monsters within range! (Use Z to cast anyway.)
You can't see any susceptible monsters within range! (Use Z to cast anyway.)
You can't see any susceptible monsters within range! (Use Z to cast anyway.)
An orc comes into view. It is wielding a +0 hand axe.
An orc comes into view. It is wielding a +0 club.
You miss something. Your bite misses something.
You hear some strange, mumbled words.
Something tries to affect you, but you resist.
You hit something but do no damage. You bite something. You drain its magic.
Something barely misses you.
You closely miss something. Something hits you.
You closely miss something. Something completely misses you.
You hit something but do no damage. Something hits you.
You are poisoned.
You closely miss something.
You feel very sick. Something hits you.
You are more poisoned.
You miss something. You bite something. You drain its magic.
You feel invigorated.
You feel very sick. Something hits you.
You are more poisoned.
You hit something. Your bite misses something.
You feel very sick. Something hits you.
You are lethally poisoned!
You miss something. Your bite misses something.
You feel extremely sick. Something hits you.
You closely miss something. Your bite misses something.
* * * LOW HITPOINT WARNING * * *
You feel very sick. Something hits you.
* * * LOW HITPOINT WARNING * * *
You are more poisoned.
You miss something.
You die...

#### ...# #..# #..# #..# #
###### #..# ..# #....#
#########..#....# #.##.#
#...@{oo........#
##..#.#######.#######.##.?###
.#.........##.# #.$. #
.##.######.##.# #####
..#......#.##.#
#.#..#...#....#
.....#.#.....##
#.##...#.###.# #.##...#.#
#.##########


You could see 2 orcs.

Vanquished Creatures
  A scorpion (D:5)
  2 bombardier beetles
  A jelly (D:5)
  An orc priest (D:5)
  Jessica (D:2)
  2 sleepcaps (D:6)
  2 iguanas (D:5)
  An orc wizard (D:5)
  16 gnolls
  5 adders
  3 white imps (D:5)
  4 dart slugs
  A ribbon worm (D:2)
  11 orcs
  3 ball pythons
  9 bats
  8 endoplasms
  4 giant cockroaches
  4 goblins
  8 hobgoblins
  2 jackals (D:3)
  5 quokkas
  4 frilled lizards
  6 kobolds
104 creatures vanquished.

Vanquished Creatures (collateral kills)
  A gnoll (D:4)
  A bat (D:2)
  A goblin (D:4)
  A hobgoblin (D:2)
  A kobold (D:3)
  2 ball pythons (D:1)
7 creatures vanquished.

Grand Total: 111 creatures vanquished

Notes
Turn   | Place    | Note
-------+----------+-------------------------------------------
     0 | D:1      | stipulation the Vine Stalker Necromancer began the quest
                  | for the Orb.
     0 | D:1      | Reached XP level 1. HP: 9/9 MP: 4/4
     5 | D:1      | Found a runed translucent door.
   140 | D:1      | Reached XP level 2. HP: 13/13 MP: 1/6
   473 | D:1      | Reached XP level 3. HP: 16/16 MP: 2/8
   620 | D:1      | Learned a level 3 spell: Vampiric Draining
  1350 | D:1      | Reached XP level 4. HP: 15/21 MP: 2/10
  1484 | D:2      | Found a faded altar of an unknown god.
  1660 | D:2      | Reached skill level 5 in Necromancy
  1827 | D:2      | Noticed Jessica
  1835 | D:2      | Killed Jessica
  1896 | D:2      | Reached XP level 5. HP: 24/24 MP: 8/11
  2691 | D:3      | Identified the ring of the Immovable Thickets {rC+ Str+5
                  | Int+2}
  3279 | D:3      | Reached XP level 6. HP: 28/28 MP: 9/13
  3576 | D:4      | Noticed Grinder
  3583 | D:4      | Noticed Eustachio
  3588 | D:4      | Paralysed by Grinder for 3 turns
  3594 | D:4      | Paralysed by Grinder for 4 turns
  3642 | D:4      | Paralysed by Grinder for 2 turns
  3716 | D:4      | Reached skill level 5 in Spellcasting
  3716 | D:4      | Reached skill level 6 in Necromancy
  4355 | D:5      | Entered Level 5 of the Dungeon
  4517 | D:5      | Reached XP level 7. HP: 32/32 MP: 7/16
  5434 | D:6      | Learned a level 4 spell: Animate Dead
  5439 | D:6      | Learned a level 4 spell: Dispel Undead
  5442 | D:6      | Learned a level 2 spell: Cigotuvi's Dreadful Rot
  5603 | D:6      | Reached skill level 7 in Necromancy
  5677 | D:6      | Succumbed to an orc wizard's poison

Illustrated notes

Levels and vault maps discovered:
D:1:      dpeg_arrival_caged_fury, layout_basic
D:2:      layout_basic, dreamdust_ecumenical_altar_statues, uniq_jessica
D:3:      layout_loops_ring, hangedman_feature_mirror
D:4:      layout_rooms, minivault_5, uniq_eustachio, uniq_grinder
D:5:      layout_loops_ring, roderic_roman_lattice
D:6:      layout_basic, minmay_temple_entry_poolview

Skill      XL: |  1  2  3  4  5  6  7 |
---------------+----------------------+-----
Spellcasting   | 3 4 5 6 |  6.1
Necromancy     | 5 6 7 |  7.0
Dodging        | |  1.5
Stealth        | |  2.4

Action                     |  1- 3 |  4- 6 |  7- 9 || total
---------------------------+-------+-------+-------++-------
  Melee: Short sword       |     1 |    23 |    42 ||    66
         Bite              |       |     6 |     9 ||    15
   Cast: Necrotise         |    62 |   148 |    31 ||   241
         Vampiric Draining |       |     2 |     3 ||     5
    Use: Scroll            |       |     1 |     3 ||     4
 Armour: Robe              |    11 |    42 |    30 ||    83
  Dodge: Dodged            |     9 |    60 |    19 ||    88
